 Dungeon Crawl Stone Soup version 0.31-a0-188-g5e087ee2ca (webtiles) character file.

Game seed: 4587856100488641602

71 qw the Shooter (level 4, 0/25 HPs)
             Began as a Deep Elf Hunter on June 23, 2023.
             Slain by Terence
             ... wielding a +0 mace
              (7 damage)
             ... on level 3 of the Dungeon.
             The game lasted 00:00:35 (2113 turns).

qw the Shooter (Deep Elf Hunter)                    Turns: 2113, Time: 00:00:35

Health: 0/25       AC:  6    Str: 10    XL:     4   Next: 5%
Magic:  6/6        EV: 11    Int: 14    God:
Gold:   88         SH:  0    Dex: 18    Spells: 3/3 levels left

rFire   . . .        Y - +0 shortbow
rCold   . . .        (shield currently unavailable)
rNeg    . . .        e - +0 ring mail
rPois   +            (no helmet)
rElec   .            (no cloak)
rCorr   .            f - +0 pair of gloves
SInv    .            (no boots)
Will    .....        (no amulet)
Stlth   +            h - ring of poison resistance
HPRegen 0.24/turn    (no ring)
MPRegen 0.10/turn

%: no passive effects
@: no status effects
A: no striking features
a: no special abilities


You were on level 3 of the Dungeon.
You visited 1 branch of the dungeon, and saw 3 of its levels.

You collected 88 gold pieces.


   Skills:
 - Level 1.5 Fighting
 + Level 7.5 Ranged Weapons
 - Level 2.4 Dodging
 - Level 1.2 Stealth


You had 3 spell levels left.
You didn't know any spells.
Your spell library was empty.

Inventory:

Hand Weapons
 Y - a +0 shortbow (weapon)
Armour
 e - a +0 ring mail (worn)
 f - a +0 pair of gloves (worn)
Jewellery
 h - a ring of poison resistance (left hand)
Scrolls
 a - 3 scrolls of identify
Potions
 d - a potion of resistance
 g - a potion of haste
 i - a potion of enlightenment {unknown}
 k - 3 potions of curing
 l - a potion of degeneration {unknown}

Dungeon Overview and Level Annotations

Branches:
Dungeon (3/15)

Altars:

Shops:
D:1 :

Annotations:
D:2 1 runed translucent door, Crazy Yiuf
D:3 Terence


Message History

Terence closely misses you. Terence hits you with a +0 mace!
You shoot an arrow. The arrow barely misses Terence.
Terence hits you with a +0 mace.
You shoot an arrow.
The arrow hits Terence but does no damage.
Terence barely misses you.
You shoot an arrow. The arrow barely misses Terence.
Terence hits you with a +0 mace.
You shoot an arrow.
The arrow hits Terence but does no damage.
Terence hits you but does no damage.
You shoot an arrow. The arrow hits Terence!
Terence is heavily wounded.
Terence screams, "I want your blood!" Terence misses you.
You shoot an arrow. The arrow completely misses Terence.
Terence closely misses you.
You shoot an arrow. The arrow barely misses Terence.
Terence hits you but does no damage. Terence completely misses you.
You shoot an arrow.
The arrow hits Terence but does no damage.
Terence is moderately wounded.
Terence barely misses you.
You shoot an arrow.
The arrow hits Terence but does no damage.
Terence is moderately wounded.
Terence hits you but does no damage.
You shoot an arrow.
The arrow hits Terence but does no damage.
Terence is moderately wounded.
Terence hits you with a +0 mace.
You shoot an arrow.
The arrow hits Terence but does no damage.
Terence is moderately wounded.
Terence hits you but does no damage.
You shoot an arrow.
The arrow hits Terence but does no damage.
Terence is moderately wounded.
Terence hits you with a +0 mace!
You die...

....## ##.##.# ...##
####.# #### ..##
#.##... '## #.#..###
.####### #.#.##.##
.......# ##...#...#
.#####.#####..####'##
....#........##)#@..#
.......####..'..@...+
...##.. ##.##)#...#
.#.# . #..####'##
...# ##.. ...# .....
##. #.## .#### .. ##
.# .. ... ## .###


You could see Terence.

Vanquished Creatures
  Jessica (D:2)
  A worm (D:3)
  2 dart slugs (D:1)
  An endoplasm (D:2)
  3 giant cockroaches
  8 goblins (D:3)
  5 hobgoblins
  2 jackals (D:1)
  A ball python (D:1)
  4 bats
  A frilled lizard (D:1)
  3 kobolds
  4 rats
36 creatures vanquished.

Notes
Turn   | Place    | Note
-------+----------+-------------------------------------------
     0 | D:1      | qw the Deep Elf Hunter began the quest for the Orb.
     0 | D:1      | Reached XP level 1. HP: 12/12 MP: 3/3
     0 | D:1      | 0 ||| qw: Version: 0.3-a-9-g12657ce
     0 | D:1      | 0 ||| qw: Game counter: 3074
     0 | D:1      | 0 ||| qw: Always use a shield: true
     0 | D:1      | 0 ||| qw: God list: Okawaru
     0 | D:1      | 0 ||| qw: Allow faded altars: false
     0 | D:1      | 0 ||| qw: Do Orc after D:15 true
     0 | D:1      | 0 ||| qw: Do second Lair branch before Depths: true
     0 | D:1      | 0 ||| qw: Lair rune preference: random
     0 | D:1      | 0 ||| qw: Plans: Normal
     0 | D:1      | 0 ||| PLANNING D:1-11
    95 | D:1      | Found Pulua's Book Emporium.
   184 | D:1      | Reached skill level 6 in Ranged Weapons
   184 | D:1      | Reached XP level 2. HP: 15/16 MP: 4/4
   778 | D:1      | 778 ||| UPGRADING to +0 ring mail.
   788 | D:1      | 788 ||| DROPPING +0 leather armour.
   789 | D:1      | 789 ||| UPGRADING to +0 pair of gloves.
   794 | D:1      | 794 ||| DROPPING ring of wizardry.
   795 | D:1      | 795 ||| READING 2 scrolls labelled KIX HUZINO.
   796 | D:1      | 796 ||| READING scroll labelled YRAGEUNIPPI.
   797 | D:1      | 797 ||| DROPPING scroll of butterflies.
   976 | D:2      | Noticed Jessica
   983 | D:2      | 983 ||| FLEEEEING.
   986 | D:2      | 986 ||| FLEEEEING.
   988 | D:2      | HP: 3/16 [Jessica/+0 club (3)]
   990 | D:2      | Killed Jessica
   991 | D:2      | Reached skill level 7 in Ranged Weapons
   991 | D:2      | Reached XP level 3. HP: 5/20 MP: 5/5
  1652 | D:2      | Found a runed translucent door.
  1653 | D:2      | Noticed Crazy Yiuf
  1802 | D:2      | 1802 ||| UPGRADING to ring of poison resistance.
  1803 | D:2      | 1803 ||| READING scroll labelled QEJIOKEELO.
  1836 | D:2      | 1836 ||| READING scroll labelled SEUSOG WIUD.
  1837 | D:2      | 1837 ||| READING scroll labelled KOGAECH JACK.
  1838 | D:2      | 1838 ||| DRINKING 4 sedimented sapphire potions.
  1839 | D:2      | 1839 ||| READING 3 scrolls of identify.
  1839 | D:2      | 1839 ||| IDENTIFYING metallic sapphire potion
  1840 | D:2      | 1840 ||| READING 2 scrolls of identify.
  1840 | D:2      | 1840 ||| IDENTIFYING inky potion
  2033 | D:3      | Reached XP level 4. HP: 9/25 MP: 6/6
  2096 | D:3      | Noticed Terence
  2111 | D:3      | HP: 6/25 [Terence/+0 mace (4)]
  2113 | D:3      | Slain by Terence

Levels and vault maps discovered:
D:1:      minmay_arrival_four_houses, layout_loops_ring, serial_shops,
          nicolae_shop_tiny_statue_garden, nrook_uturn, minmay_misc_feat_roman
D:2:      layout_basic, uniq_crazy_yiuf_cottage, uniq_jessica
D:3:      cheibrodos_greedy_goblins, layout_loops_corners,
          chequers_temple_overflow_minitemple,
          nicolae_kikubaaqudgha_miasma_corner, due_unseen_surprise, uniq_terence

Skill      XL: |  1  2 |
---------------+-------+-----
Ranged Weapons | 6 7 |  7.5
Fighting       | |  1.5
Dodging        | |  2.4
Stealth        | |  1.2

Action                     |  1- 3 |  4- 6 || total
---------------------------+-------+-------++-------
   Fire: Shortbow          |   104 |    20 ||   124
    Use: Scroll            |     7 |       ||     7
         Potion            |     1 |       ||     1
 Armour: Leather armour    |    13 |       ||    13
         Ring mail         |    28 |     6 ||    34
  Dodge: Dodged            |    45 |     7 ||    52

Table legend:
 A = Non-vault XP
 B = Vault XP
 C = Vault XP percentage of total XP
 D = Non-vault monster count
 E = Vault monster count
 F = Vault count percentage of total count
                 A         B        C        D         E       F
            +---------+---------+-------+---------+---------+-------
      Total |      46 |      56 |  54.9 |      25 |      11 |  30.6
            +---------+---------+-------+---------+---------+-------
        D:1 |      27 |       0 |   0.0 |      15 |       0 |   0.0
        D:2 |      11 |      37 |  77.1 |       7 |       1 |  12.5
        D:3 |       8 |      19 |  70.4 |       3 |      10 |  76.9
            +---------+---------+-------+---------+---------+-------
